3L
D.C. DIVIDED @ CLEVELAND BROWNS
06/26/2039
 
TOP OF THE 1ST
D.C. Divided batting - Pitching for Cleveland Browns : RHP Chris Holland
Pitching: RHP Chris Holland
Batting: RHB Kimi Okubo 0-0: Ball
1-0: Ball
2-0: Called Strike
2-1: Ball
3-1: Called Strike
3-2: Base on Balls
Batting: LHB Bill Butler 0-0: Called Strike
0-1: Ball
1-1: Foul Ball, location: 2F
1-2: Foul Ball, location: 2F
1-2: SINGLE (Line Drive, 6D, EV 96.2 MPH)
Kimi Okubo to second
Runner from 2nd tries for 3rd, OUT! 8-5
Batting: RHB Martín Chávez 0-0: Ball
1-0: Ball
2-0: Called Strike
2-1: Ball
3-1: Base on Balls
Bill Butler to second
Batting: LHB Craig Morgan 0-0: Ball
1-0: Called Strike
1-1: Called Strike
1-2: Fly out, F2 (Popup, 25F, EV 84.4 MPH)
Batting: RHB Mario Castillo 0-0: Ball
1-0: Foul Ball, location: 2F
1-1: Swinging Strike
1-2: Foul Ball, location: 2F
1-2: Foul Ball, location: 2F
1-2: Fielders Choice at 2nd, 5-4 (Groundball, 56, EV 87.5 MPH)
Top of the 1st over - 0 runs, 1 hit, 0 errors, 2 left on base; D.C. 0 - Cleveland 0
BOTTOM OF THE 1ST
Cleveland Browns batting - Pitching for D.C. Divided : RHP Eric Colquhoun
Pitching: RHP Eric Colquhoun
Batting: LHB Sadatake Abe 0-0: Ball
1-0: Foul Ball, location: 2F
1-1: Ball
2-1: Fly out, F6 (Flyball, 6MD, EV 95.6 MPH)
Batting: LHB Derek Healey 0-0: Called Strike
0-1: Ground out U3 (Groundball, 34S, EV 66.9 MPH)
Batting: LHB Lauren Hilfiker 0-0: Called Strike
0-1: Ball
1-1: Ball
2-1: Foul Ball, location: 2F
2-2: Ground out 5-3 (Groundball, 5L, EV 88.8 MPH)
Bottom of the 1st over - 0 runs, 0 hits, 0 errors, 0 left on base; D.C. 0 - Cleveland 0
TOP OF THE 2ND
D.C. Divided batting - Pitching for Cleveland Browns : RHP Chris Holland
Batting: LHB Alex Avery 0-0: Ball
1-0: Ball
2-0: Ball
3-0: Base on Balls
Batting: RHB Jay Hood 0-0: Swinging Strike
0-1: Called Strike
0-2: Foul Ball, location: 2F
0-2: Strikes out looking
Batting: LHB Dallas Ihde 0-0: Called Strike
0-1: Ball
1-1: Fly out, F7 (Flyball, 7D, EV 91.9 MPH)
Batting: RHB Nick Boyd 0-0: Called Strike
0-1: Ball
1-1: Swinging Strike
1-2: Ball
2-2: Ball
3-2: Foul Ball, location: 2F
3-2: Base on Balls
Alex Avery to second
Batting: RHB Kimi Okubo 0-0: Called Strike
0-1: Foul Ball, location: 2F
0-2: Foul Ball, location: 2F
0-2: Ball
1-2: Ground out 1-3 (Groundball, 34S, EV 80.0 MPH)
Top of the 2nd over - 0 runs, 0 hits, 0 errors, 2 left on base; D.C. 0 - Cleveland 0
BOTTOM OF THE 2ND
Cleveland Browns batting - Pitching for D.C. Divided : RHP Eric Colquhoun
Batting: RHB Richard Trevithick 0-0: Ball
1-0: Ball
2-0: Swinging Strike
2-1: Foul Ball, location: 2F
2-2: Strikes out swinging
Batting: LHB Surender Nada 0-0: Called Strike
0-1: Swinging Strike
0-2: Ball
1-2: Ball
2-2: Strikes out swinging
Batting: LHB León Castillo 0-0: Called Strike
0-1: Ball
1-1: Ball
2-1: Foul Ball, location: 2F
2-2: Foul Ball, location: 2F
2-2: Ball
3-2: Fly out, F8 (Line Drive, 8RD, EV 96.2 MPH)
Bottom of the 2nd over - 0 runs, 0 hits, 0 errors, 0 left on base; D.C. 0 - Cleveland 0
TOP OF THE 3RD
D.C. Divided batting - Pitching for Cleveland Browns : RHP Chris Holland
Batting: LHB Bill Butler 0-0: Called Strike
0-1: SINGLE (Groundball, 34, EV 107.5 MPH) (infield hit)
Batting: RHB Martín Chávez 0-0: Called Strike
0-1: Ball
1-1: Fly out, F9 (Line Drive, 9, EV 96.2 MPH)
Batting: LHB Craig Morgan 0-0: Called Strike
0-1: Called Strike
Bill Butler steals 2nd base
0-2: Foul Ball, location: 2F
0-2: Ball
1-2: Fly out, F7 (Flyball, 7, EV 81.2 MPH)
Batting: RHB Mario Castillo 0-0: Called Strike
0-1: Foul Ball, location: 2F
0-2: Strikes out looking
Top of the 3rd over - 0 runs, 1 hit, 0 errors, 1 left on base; D.C. 0 - Cleveland 0
BOTTOM OF THE 3RD
Cleveland Browns batting - Pitching for D.C. Divided : RHP Eric Colquhoun
Batting: RHB Tom Camden 0-0: Ball
1-0: Foul Ball, location: 2F
1-1: SINGLE (Line Drive, 34D, EV 96.9 MPH)
Batting: RHB Jack Bonner 0-0: Ball
Tom Camden steals 2nd base
1-0: Called Strike
1-1: Ball
2-1: Ball
3-1: Ground out 5-3 (Groundball, 5, EV 84.4 MPH)
Batting: RHB Carlos Martínez 0-0: Ball
1-0: Called Strike
1-1: Ground out 1-3 (Groundball, 15S, EV 75.6 MPH)
Batting: LHB Sadatake Abe 0-0: Ball
1-0: Foul Ball, location: 2F
1-1: Ball
2-1: Ball
3-1: Base on Balls
Batting: LHB Derek Healey 0-0: Ball
1-0: Called Strike
1-1: Ball
2-1: Ball
3-1: Swinging Strike
3-2: Foul Ball, location: 2F
3-2: Strikes out swinging
Bottom of the 3rd over - 0 runs, 1 hit, 0 errors, 2 left on base; D.C. 0 - Cleveland 0
TOP OF THE 4TH
D.C. Divided batting - Pitching for Cleveland Browns : RHP Chris Holland
Batting: LHB Alex Avery 0-0: Ball
1-0: Swinging Strike
1-1: Swinging Strike
1-2: Strikes out swinging
Batting: RHB Jay Hood 0-0: Ball
1-0: Foul Ball, location: 2F
1-1: Ball
2-1: Called Strike
2-2: Ball
3-2: Foul Ball, location: 2F
3-2: Foul Ball, location: 2F
3-2: SINGLE (Line Drive, 89S, EV 109.4 MPH)
Batting: LHB Dallas Ihde 0-0: Ball
1-0: Ball
2-0: Foul Ball, location: 2F
2-1: Ball
3-1: Foul Ball, location: 2F
3-2: Base on Balls
Jay Hood to second
Batting: RHB Nick Boyd 0-0: Ball
1-0: Ball
2-0: Ball
3-0: Base on Balls
Jay Hood to third
Dallas Ihde to second
Batting: RHB Kimi Okubo 0-0: Foul Ball, location: 2F
0-1: Foul Ball, location: 2F
0-2: Ball
1-2: Fly out, F9 (Flyball, 9LMF, EV 76.2 MPH)
Runner from 3rd tags up, OUT at HOME! 9-2
Top of the 4th over - 0 runs, 1 hit, 0 errors, 2 left on base; D.C. 0 - Cleveland 0
BOTTOM OF THE 4TH
Cleveland Browns batting - Pitching for D.C. Divided : RHP Eric Colquhoun
Batting: LHB Lauren Hilfiker 0-0: SINGLE (Groundball, 4S, EV 69.4 MPH) (infield hit)
Batting: RHB Richard Trevithick 0-0: Ball
1-0: Ball
2-0: Called Strike
2-1: Foul Ball, location: 2F
2-2: SINGLE (Groundball, 3D, EV 101.2 MPH)
Lauren Hilfiker to second
Batting: LHB Surender Nada 0-0: Ball
1-0: Swinging Strike
1-1: Called Strike
1-2: Ball
2-2: Foul Ball, location: 2F
2-2: Strikes out swinging
Batting: LHB León Castillo 0-0: Swinging Strike
0-1: Ball
1-1: Ball
2-1: Ball
3-1: Swinging Strike
3-2: Base on Balls
Lauren Hilfiker to third
Richard Trevithick to second
Batting: RHB Tom Camden 0-0: Ball
1-0: Fly out, F9 (Flyball, 9, EV 89.4 MPH)
Runner from 3rd tags up, SCORES, throw by RF
Batting: RHB Jack Bonner 0-0: Ball
1-0: Fly out, F9 (Flyball, 9, EV 75.6 MPH)
Bottom of the 4th over - 1 run, 2 hits, 0 errors, 2 left on base; D.C. 0 - Cleveland 1
TOP OF THE 5TH
D.C. Divided batting - Pitching for Cleveland Browns : RHP Chris Holland
Batting: LHB Bill Butler 0-0: Called Strike
0-1: Ball
1-1: Ball
2-1: SINGLE (Flyball, 7S, EV 88.1 MPH)
Batting: RHB Martín Chávez 0-0: Foul Ball, location: 2F
0-1: Ball
1-1: Fly out, F7 (Flyball, 8LS, EV 94.4 MPH)
Batting: LHB Craig Morgan 0-0: Foul Ball, location: 2F
0-1: Ball
1-1: Foul Ball, location: 2F
1-2: Ball
2-2: Foul Ball, location: 2F
2-2: Fielders Choice at 2nd, U6 (Groundball, 4M, EV 86.9 MPH)
Batting: RHB Mario Castillo 0-0: Foul Ball, location: 2F
0-1: Foul Ball, location: 2F
0-2: Ball
1-2: Ball
2-2: Ball
3-2: Base on Balls
Craig Morgan to second
Batting: LHB Alex Avery 0-0: Ball
1-0: Foul Ball, location: 2F
1-1: Ball
2-1: Ball
3-1: Foul Ball, location: 2F
3-2: Foul Ball, location: 2F
3-2: Foul Ball, location: 2F
3-2: SINGLE (Groundball, 4D, EV 107.5 MPH)
Craig Morgan to third
Mario Castillo to second
Craig Morgan scores
Mario Castillo to third
Batting: RHB Jay Hood 0-0: Ball
1-0: Swinging Strike
1-1: DOUBLE (Flyball, 78XD, EV 108.1 MPH)
Mario Castillo scores
Alex Avery to third
Batting: LHB Dallas Ihde 0-0: Called Strike
0-1: Fly out, F2 (Popup, 5SF, EV 80.0 MPH)
Top of the 5th over - 2 runs, 3 hits, 0 errors, 2 left on base; D.C. 2 - Cleveland 1
BOTTOM OF THE 5TH
Cleveland Browns batting - Pitching for D.C. Divided : RHP Eric Colquhoun
Batting: RHB Carlos Martínez 0-0: SINGLE (Groundball, 2L, EV 64.4 MPH) (infield hit)
Batting: LHB Sadatake Abe 0-0: Ball
1-0: Called Strike
1-1: Ball
2-1: Bunted foul
2-2: Fielders Choice at 2nd, 4-6 (Groundball, 4, EV 85.0 MPH)
Batting: LHB Derek Healey 0-0: Foul Ball, location: 2F
0-1: Foul Ball, location: 2F
0-2: Fly out, F8 (Flyball, 89M, EV 96.2 MPH)
Batting: LHB Lauren Hilfiker 0-0: Called Strike
0-1: Called Strike
0-2: Foul Ball, location: 2F
0-2: Strikes out swinging
Bottom of the 5th over - 0 runs, 1 hit, 0 errors, 1 left on base; D.C. 2 - Cleveland 1
TOP OF THE 6TH
D.C. Divided batting - Pitching for Cleveland Browns : RHP Chris Holland
Pitching: LHP Lawrence Lane
Batting: RHB Nick Boyd 0-0: Called Strike
0-1: Ball
1-1: Ball
2-1: Ball
3-1: Foul Ball, location: 2F
3-2: Base on Balls
Batting: RHB Kimi Okubo 0-0: Swinging Strike
0-1: Bunted foul
0-2: Foul Ball, location: 2F
0-2: Foul Ball, location: 2F
0-2: Ball
1-2: Ball
2-2: Foul Ball, location: 2F
2-2: Ball
3-2: Fly out, F7 (Flyball, 7S, EV 88.1 MPH)
Batting: LHB Bill Butler 0-0: Ball
1-0: Called Strike
1-1: Foul Ball, location: 2F
1-2: Ball
2-2: Fly out, F8 (Flyball, 8LD, EV 106.2 MPH)
Batting: RHB Martín Chávez 0-0: Fly out, F4 (Popup, 3D, EV 62.5 MPH)
Top of the 6th over - 0 runs, 0 hits, 0 errors, 1 left on base; D.C. 2 - Cleveland 1
BOTTOM OF THE 6TH
Cleveland Browns batting - Pitching for D.C. Divided : RHP Eric Colquhoun
Batting: RHB Richard Trevithick 0-0: Ball
1-0: Called Strike
1-1: Called Strike
1-2: Strikes out swinging
Batting: LHB Surender Nada 0-0: Called Strike
0-1: Ball
1-1: DOUBLE (Line Drive, 9LM, EV 105.6 MPH)
Batting: LHB León Castillo 0-0: Called Strike
0-1: Ball
1-1: Foul Ball, location: 2F
1-2: Ball
2-2: Ball
3-2: Foul Ball, location: 2F
3-2: Foul Ball, location: 2F
3-2: Foul Ball, location: 2F
3-2: Fly out, F9 (Flyball, 89M, EV 85.0 MPH)
Pitching: LHP Yushua Wazir
Batting: RHB Tom Camden 0-0: Ball
1-0: Ball
2-0: Ball
3-0: Base on Balls
Batting: RHB Jack Bonner 0-0: Ball
1-0: Fly out, F3 (Line Drive, 3, EV 66.9 MPH)
Bottom of the 6th over - 0 runs, 1 hit, 0 errors, 2 left on base; D.C. 2 - Cleveland 1
TOP OF THE 7TH
D.C. Divided batting - Pitching for Cleveland Browns : LHP Lawrence Lane
Batting: LHB Craig Morgan 0-0: Called Strike
0-1: Fly out, F3 (Popup, 3SF, EV 81.2 MPH)
Batting: RHB Mario Castillo 0-0: Ball
1-0: Foul Ball, location: 2F
1-1: SINGLE (Groundball, 56D, EV 101.2 MPH)
Pitching: RHP Tomás Huesca
Batting: LHB Alex Avery 0-0: Ball
1-0: Swinging Strike
1-1: Swinging Strike
1-2: Foul Ball, location: 2F
1-2: Ball
2-2: Strikes out swinging
Batting: RHB Jay Hood 0-0: Foul Ball, location: 2F
0-1: Ground out 4-3 (Groundball, 34S, EV 67.5 MPH)
Top of the 7th over - 0 runs, 1 hit, 0 errors, 1 left on base; D.C. 2 - Cleveland 1
BOTTOM OF THE 7TH
Cleveland Browns batting - Pitching for D.C. Divided : LHP Yushua Wazir
Batting: RHB Carlos Martínez 0-0: SINGLE (Groundball, 56D, EV 106.2 MPH) (infield hit)
Batting: LHB Sadatake Abe 0-0: Bunted foul
0-1: Bunt missed!
0-2: Strikes out looking
Batting: LHB Derek Healey 0-0: Ball
1-0: Ball
2-0: Ball
3-0: Called Strike
3-1: Called Strike
3-2: Foul Ball, location: 2F
3-2: Grounds into double play, 4-6-3 (Groundball, 4, EV 85.0 MPH)
Bottom of the 7th over - 0 runs, 1 hit, 0 errors, 0 left on base; D.C. 2 - Cleveland 1
TOP OF THE 8TH
D.C. Divided batting - Pitching for Cleveland Browns : RHP Tomás Huesca
Batting: LHB Dallas Ihde 0-0: Ground out 4-3 (Groundball, 4, EV 87.5 MPH)
Batting: RHB Nick Boyd 0-0: Foul Ball, location: 2F
0-1: Ball
1-1: Foul Ball, location: 2F
1-2: Ball
2-2: Ball
3-2: Foul Ball, location: 2F
3-2: SINGLE (Groundball, 56D, EV 95.6 MPH)
Pitching: RHP Martín García
Batting: RHB Kimi Okubo 0-0: Foul Ball, location: 2F
0-1: Ball
1-1: Foul Ball, location: 2F
1-2: Ball
2-2: Foul Ball, location: 2F
2-2: Ball
3-2: Strikes out swinging
Batting: LHB Bill Butler 0-0: Ball
1-0: Swinging Strike
1-1: Ball
2-1: SINGLE (Groundball, 34, EV 98.8 MPH)
Nick Boyd to second
Runner from 2nd tries for 3rd, SAFE, throw by RF made to third
Batting: RHB Martín Chávez 0-0: Ball
1-0: Swinging Strike
1-1: Ball
2-1: Swinging Strike
2-2: Strikes out swinging
Top of the 8th over - 0 runs, 2 hits, 0 errors, 2 left on base; D.C. 2 - Cleveland 1
BOTTOM OF THE 8TH
Cleveland Browns batting - Pitching for D.C. Divided : LHP Yushua Wazir
Batting: LHB Lauren Hilfiker 0-0: Foul Ball, location: 2F
0-1: Called Strike
0-2: Foul Ball, location: 2F
0-2: Strikes out swinging
Batting: RHB Richard Trevithick 0-0: Ball
1-0: Swinging Strike
1-1: Called Strike
1-2: Foul Ball, location: 2F
1-2: Foul Ball, location: 2F
1-2: Strikes out swinging
Batting: LHB Surender Nada 0-0: Called Strike
0-1: Ball
1-1: Called Strike
1-2: DOUBLE (Line Drive, 9LD, EV 104.4 MPH)
Batting: LHB León Castillo 0-0: Called Strike
0-1: Ball
1-1: Ball
2-1: Ball
3-1: Called Strike
3-2: Strikes out swinging
Bottom of the 8th over - 0 runs, 1 hit, 0 errors, 1 left on base; D.C. 2 - Cleveland 1
TOP OF THE 9TH
D.C. Divided batting - Pitching for Cleveland Browns : RHP Martín García
Batting: LHB Craig Morgan 0-0: SINGLE (Groundball, 34D, EV 95.0 MPH)
Pitching: RHP Billy Francis
Batting: RHB Mario Castillo 0-0: Ball
1-0: Ball
2-0: Ball
3-0: Called Strike
3-1: Base on Balls
Craig Morgan to second
Batting: LHB Alex Avery 0-0: Ball
1-0: Ball
2-0: Ball
3-0: Base on Balls
Craig Morgan to third
Mario Castillo to second
Pitching: LHP Markus Martin
Batting: RHB Jay Hood 0-0: Ball
1-0: Ball
2-0: GRAND SLAM HOME RUN (Flyball, 9LD, EV 99.4 MPH), Distance : 335 ft
Batting: LHB Dallas Ihde 0-0: Ball
1-0: Ball
2-0: Fly out, F4 (Popup, 34S, EV 74.4 MPH)
Batting: RHB Nick Boyd 0-0: Swinging Strike
0-1: Ball
1-1: Ball
2-1: Foul Ball, location: 2F
2-2: Ball
3-2: Foul Ball, location: 2F
3-2: Base on Balls
Pitching: RHP Hans Rager
Batting: RHB Kimi Okubo 0-0: Ball
1-0: Swinging Strike
1-1: Foul Ball, location: 2F
1-2: Ball
2-2: Foul Ball, location: 2F
2-2: Foul Ball, location: 2F
2-2: Ball
3-2: SINGLE (Groundball, 6M, EV 105.6 MPH) (infield hit)
Nick Boyd to second
Pitching: LHP Stephen Palmer
Batting: LHB Bill Butler 0-0: Called Strike
0-1: Ball
1-1: Swinging Strike
1-2: Ball
2-2: Strikes out swinging
Batting: RHB Martín Chávez 0-0: Ball
1-0: Swinging Strike
1-1: Ground out 4-3 (Groundball, 4, EV 92.5 MPH)
Top of the 9th over - 4 runs, 3 hits, 0 errors, 2 left on base; D.C. 6 - Cleveland 1
BOTTOM OF THE 9TH
Cleveland Browns batting - Pitching for D.C. Divided : LHP Yushua Wazir
Now at C: Gustavo González
Batting: RHB Tom Camden 0-0: Ball
1-0: Fly out, F9 (Flyball, 9D, EV 100.0 MPH)
Batting: RHB Jack Bonner 0-0: Ball
1-0: Ground out U3 (Groundball, 34, EV 99.4 MPH)
Batting: RHB Carlos Martínez 0-0: Swinging Strike
0-1: Swinging Strike
0-2: Ball
1-2: Foul Ball, location: 2F
1-2: Ball
2-2: Strikes out swinging
Bottom of the 9th over - 0 runs, 0 hits, 0 errors, 0 left on base; D.C. 6 - Cleveland 1
Wednesday, July 8th, 2020 - OOTP Baseball 20.8 Build 74